 Dungeon Crawl Stone Soup version 0.29-a0-330-g52719c12eb (webtiles) character file.

Game seed: 18261486323350610753

11 Maratek the Firebug (level 2, 0/20 HPs)
             Began as a Draconian Fire Elementalist on May 30, 2022.
             Frozen to death by an endoplasm (1 damage)
             ... on level 2 of the Dungeon on May 31, 2022.
             The game lasted 00:01:12 (639 turns).

Maratek the Firebug (Draconian Fire Elementalist)    Turns: 639, Time: 00:01:13

Health: 0/20       AC:  4    Str: 10    XL:     2   Next: 13%
Magic:  5/5        EV: 12    Int: 15    God:
Gold:   34         SH:  0    Dex: 11    Spells: 4/5 levels left

rFire   . . .      SeeInvis .   (no weapon)
rCold   . . .      Faith    .   (no shield)
rNeg    . . .      Spirit   .   (body armour unavailable)
rPois   .          Reflect  .   (helmet restricted)
rElec   .          Harm     .   (no cloak)
rCorr   .          Rampage  .   (no gloves)
Will    .....                   (no boots)
Stlth   ++........              (no amulet)
HPRegen 0.06/turn               (no ring)
MPRegen 0.09/turn               (no ring)

@: slowed, very slow
A: AC +4, unfitting armour, cold-blooded
a: no special abilities


You were on level 2 of the Dungeon.
You visited 1 branch of the dungeon, and saw 2 of its levels.

You collected 34 gold pieces.

Inventory:

Scrolls
 b - a scroll of vulnerability {unknown}
Potions
 a - a potion of magic


   Skills:
 + Level 1.9 Dodging
 + Level 1.8 Stealth
 + Level 0.1 Unarmed Combat
 + Level 2.1 Spellcasting
 + Level 1.0 Conjurations
 + Level 3.4 Fire Magic


You had 4 spell levels left.
You knew the following spells:

 Your Spells              Type           Power      Damage    Failure   Level
a - Foxfire               Conj/Fire      32%        2x1d5     9%          1

Your spell library contained the following spells:

 Spells                   Type           Power      Damage    Failure   Level
 Scorch                   Fire           22%        2d6       9%          2
 Beastly Appendage        Tmut           2%         N/A       22%         1
 Conjure Flame            Conj/Fire      8%         6-21      26%         3
 Wereblood                Tmut           1%         N/A       32%         2
 Inner Flame              Hex/Fire       6%         N/A       32%         3
 Spider Form              Tmut/Pois      1%         N/A       54%         3
 Flame Wave               Conj/Fire      8%         2d5       65%         4


Dungeon Overview and Level Annotations

Branches:
Dungeon (2/15)

Altars:
Hepliaklqana


Innate Abilities, Weirdness & Mutations

Your plain brown scales are hard. (AC +4)
You cannot fit into any form of body armour.
You are cold-blooded and may be slowed by cold attacks.


Message History

You hit the goblin.
The goblin is severely wounded.
The goblin hits you but does no damage.
You hit the goblin.
You kill the goblin!
Things that are here:
a +0 dagger; a goblin corpse An endoplasm comes into view.
An endoplasm is nearby!
You open the door.
The endoplasm quivers.
There is an open door here.
You see here a scroll labelled QURALIEMMIO.
The endoplasm freezes you.
You are frozen.
You feel yourself slow down.
You see here a scroll labelled QURALIEMMIO.
An endoplasm is nearby!
An endoplasm is nearby!
The endoplasm hits you.
You feel yourself speed up. The endoplasm closely misses you.
The endoplasm hits you. The endoplasm attacks as you move away!
The endoplasm closely misses you. The endoplasm attacks as you move away!
The endoplasm completely misses you.
Found a war axe.
Found a hazy altar of Hepliaklqana.
You hit the endoplasm.
The endoplasm is moderately wounded.
The endoplasm freezes you.
You are frozen.
* * * LOW HITPOINT WARNING * * *
You feel yourself slow down.
You hit the endoplasm but do no damage.
You tail-slap the endoplasm, but do no damage.
The endoplasm is moderately wounded.
The endoplasm hits you.
* * * LOW HITPOINT WARNING * * *
You barely miss the endoplasm. You tail-slap the endoplasm.
The endoplasm is heavily wounded.
The endoplasm freezes you.
You are frozen.
You die...

... ..... #.##...._
#######.#...... ##
.....#.#...... ...
....#.......) ...####
#..#........
...'..#######..#........
. #.?.........J@#
...#....##########
...'....'.........
...........#######
##≈..≈###..# ..
..#≈≈#...#.# .#
⌠.#≈≈#.⌠.#.####.# .
#≈≈#.:.#.).†..#
≈≈≈≈###...#####..


You could see an endoplasm.

Vanquished Creatures
  A worm (D:2)
  A bat (D:2)
  An endoplasm (D:1)
  A giant cockroach (D:1)
  A goblin (D:2)
  A frilled lizard (D:1)
  A kobold (D:1)
  A rat (D:2)
8 creatures vanquished.

Vanquished Creatures (others)
  4 foxfires (D:1)
4 creatures vanquished.

Grand Total: 12 creatures vanquished

Notes
Turn   | Place    | Note
-------+----------+-------------------------------------------
     0 | D:1      | Maratek the Draconian Fire Elementalist began the quest for
                  | the Orb.
     0 | D:1      | Reached XP level 1. HP: 14/14 MP: 3/3
   109 | D:1      | Found a faded altar of an unknown god.
   421 | D:2      | Reached XP level 2. HP: 2/20 MP: 5/5
   636 | D:2      | Found a hazy altar of Hepliaklqana.
   638 | D:2      | HP: 1/20 [endoplasm (1)]
   639 | D:2      | Frozen to death by an endoplasm

Illustrated notes

Levels and vault maps discovered:
D:1:      dpeg_arrival_tiny_k, layout_basic, serial_shops, shop_statue,
          ebering_ecumenical_altar_abandoned, minmay_tetromino_l2
D:2:      layout_basic, basic_altar, minmay_fountain_box, corexii_shack,
          fountainhead, kennysheep_generic_room_13

Action                   || total
-------------------------++-------
Melee: Unarmed           ||    52
       Tailslap          ||    11
 Cast: Foxfire           ||     4
Armor: Skin              ||    11
Dodge: Dodged            ||    27

Table legend: (Time is in decaauts)
 A = Elapsed time spent in this place.
 B = Non-inter-level travel time spent in this place.
 C = Inter-level travel time spent in this place.
 D = Time resting spent in this place.
 E = Time spent auto-exploring this place.
 F = Levels seen in this place.
 G = Mean time per level.
                   A        B        C        D        E       F      G
               +--------+--------+--------+--------+--------+-----+--------+
         Total |    640 |    640 |      0 |      0 |    457 |   2 |  320.0 |
       Dungeon |    640 |    640 |      0 |      0 |    457 |   2 |  320.0 |
               +--------+--------+--------+--------+--------+-----+--------+

Top non-repeatable levels by time:
     D:1: 373 daAuts
     D:2: 267 daAuts
